 Dungeon Crawl Stone Soup version 0.28-a0-850-g09de17f5b5 (webtiles) character file.

Game seed: 12691918617898500360

88222 Htamos the Fetichist (level 15, -3/90 HPs)
             Began as a Spriggan Monk on Nov 14, 2021.
             Was an Initiate of Jiyva.
             Slain by Rupert (26 damage)
             ... on level 6 of the Lair of Beasts.
             The game lasted 01:45:47 (26015 turns).

Htamos the Fetichist (Spriggan Monk)               Turns: 26015, Time: 01:45:47

Health: -3/90      AC: 10    Str: 13    XL:     15   Next: 45%
Magic:  16/16      EV: 32    Int: 11    God:    Jiyva [......]
Gold:   2423       SH:  0    Dex: 25    Spells: 14/14 levels left

rFire   . . .      SeeInvis +   J - +6 dagger (venom)
rCold   + . .      Faith    .   (shield restricted)
rNeg    . . .      Spirit   .   H - +4 troll leather armour
rPois   .          Reflect  .   O - +2 hat
rElec   .          Harm     .   b - scarf {repulsion}
rCorr   .          Rampage  .   (gloves unavailable)
Will    ++...      Rage     1%  (boots unavailable)
Stlth   ++++++++..              g - amulet of regeneration
HPRegen 2.25/turn               o - ring of wizardry
MPRegen 0.15/turn               U - +6 ring of strength

@: about to teleport, studying Fighting, repel missiles, very quick
A: very small, no large weapons, unfitting armour, see invisible, speed 3,
camouflage 1, berserk 1, cold resistance 1, robust 1
a: Renounce Religion


You were on level 6 of the Lair of Beasts.
You worshipped Jiyva.
Jiyva was noncommittal.
You visited 3 branches of the dungeon, and saw 22 of its levels.
You visited the Abyss 1 time.
You also visited: Bailey.

You collected 2633 gold pieces.
You spent 210 gold pieces at shops.

Inventory:

Hand Weapons
 a - the +5 rapier "Giril" {flame, rElec}
   (You found it on level 1 of the Lair of Beasts)

   It burns those it strikes, dealing additional fire damage.
   rElec:     It insulates you from electricity.
 d - a +2 dagger of holy wrath
 s - a +1 dagger of chaos
 B - the +8 arc blade {discharge, rElec}
   (Okawaru gifted it to you on level 1 of the Lair of Beasts)

   It occasionally unleashes powerful arcs of lightning upon striking a foe.
   These may arc to other adjacent creatures (including the wielder, but dealing
   reduced damage to them) before grounding out.
   rElec:     It insulates you from electricity.
 J - a +6 dagger of venom (weapon)
 S - the +11 long sword "Death Rattle" {drain, rF+ Str+3 Dex-2 SInv}
   (You found it on level 2 of the Lair of Beasts)

   A truly terrible weapon, it drains the life of any living foe it strikes.
   Str:       It affects your strength (+3).
   Dex:       It affects your dexterity (-2).
   rF:        It protects you from fire.
   SInv:      It lets you see invisible.
Missiles
 N - 7 curare-tipped darts (quivered)
Armour
 b - a scarf of repulsion (worn)
 A - a +2 cloak of stealth
 H - a +4 troll leather armour (worn)
 L - +3 pearl dragon scales
 O - a +2 hat (worn)
 V - the +2 robe of the Furrier {rPois Str+3 Dex+2}
   (Okawaru gifted it to you on level 13 of the Dungeon)

   Str:       It affects your strength (+3).
   Dex:       It affects your dexterity (+2).
   rPois:     It protects you from poison.
Jewellery
 g - an amulet of regeneration (around neck)
 i - an amulet of faith
 o - a ring of wizardry (left hand)
 r - a ring of ice
 x - a ring of positive energy
 G - a ring of fire
 K - a ring of flight
 U - a +6 ring of strength (right hand)
 W - a ring of magical power
Wands
 n - a wand of iceblast (15)
 p - a wand of digging (12)
 C - a wand of flame (26)
 I - a wand of polymorph (10)
 M - a wand of acid (9)
 T - a wand of paralysis (7)
Scrolls
 e - 2 scrolls of noise
 h - 5 scrolls of teleportation
 j - 3 scrolls of immolation
 q - 3 scrolls of amnesia
 t - 4 scrolls of magic mapping
 E - 3 scrolls of vulnerability
 F - 4 scrolls of enchant armour
 P - 4 scrolls of identify {@rr}
 R - 5 scrolls of fear
 X - a scroll of torment
Potions
 c - 6 potions of haste
 f - 6 potions of curing {@qc}
 k - 2 potions of flight
 l - 3 potions of attraction
 w - 2 potions of might
 z - 3 potions of heal wounds
 D - 3 potions of brilliance
 Q - a potion of cancellation
 Y - 3 potions of resistance
Miscellaneous
 u - a piece from Xom's chessboard (15/15)


   Skills:
 + Level 11.1 Fighting
 * Level 15.9 Short Blades
 + Level 14.2 Dodging
 + Level 15.9 Stealth
 * Level 20.4 Evocations


You had 14 spell levels left.
You didn't know any spells.
Your spell library contained the following spells:

 Spells                   Type           Power      Damage    Failure   Level
 Beastly Appendage        Tmut           0%         N/A       17%         1
 Foxfire                  Conj/Fire      0%         2x1d4     17%         1
 Pain                     Necr           0%         1d4       17%         1
 Slow                     Hex            0%         N/A       17%         1
 Sting                    Tmut/Pois      0%         1d3       17%         1
 Ensorcelled Hibernation  Hex/Ice        0%         N/A       26%         2
 Wereblood                Tmut           0%         N/A       26%         2
 Confusing Touch          Hex            0%         N/A       45%         3
 Conjure Flame            Conj/Fire      0%         6-21      45%         3
 Ignite Poison            Fire/Tmut/Pois 0%         N/A       45%         3
 Inner Flame              Hex/Fire       0%         N/A       45%         3
 Mephitic Cloud           Conj/Pois/Air  0%         N/A       45%         3
 Ozocubu's Armour         Ice            0%         N/A       45%         3
 Portal Projectile        Hex/Tloc       0%         N/A       45%         3
 Spider Form              Tmut/Pois      0%         N/A       45%         3
 Vampiric Draining        Necr           0%         2d6       45%         3
 Cause Fear               Hex            0%         N/A       85%         4
 Flame Wave               Conj/Fire      0%         3d3       85%         4
 Fulminant Prism          Conj/Hex       0%         3d6       85%         4
 Iskenderun's Mystic Bla  Conj/Tloc      0%         2d3       85%         4
 Leda's Liquefaction      Hex/Erth       0%         N/A       85%         4
 Passage of Golubria      Tloc           0%         N/A       85%         4
 Agony                    Necr           0%         N/A       99%         5
 Blade Hands              Tmut           0%         N/A       99%         5
 Excruciating Wounds      Necr           0%         N/A       99%         5
 Freezing Cloud           Conj/Ice/Air   0%         6-21      99%         5
 Irradiate                Conj/Tmut      0%         3d14      99%         5
 Lee's Rapid Deconstruct  Erth           0%         3d5*      99%         5
 Metabolic Englaciation   Hex/Ice        0%         N/A       99%         5
 Silence                  Hex/Air        0%         N/A       99%         5
 Summon Forest            Summ/Tloc      0%         N/A       99%         5
 Summon Mana Viper        Hex/Summ       0%         N/A       99%         5
 Yara's Violent Unravell  Hex/Tmut       0%         3d3       99%         5
 Simulacrum               Ice/Necr       0%         N/A       100%        6
 Statue Form              Tmut/Erth      0%         N/A       100%        6
 Summon Cactus Giant      Summ           0%         N/A       100%        6
 Ozocubu's Refrigeration  Ice            0%         4d5       100%        7
 Storm Form               Tmut/Air       0%         N/A       100%        7
 Discord                  Hex            0%         N/A       100%        8
 Lehudib's Crystal Spear  Conj/Erth      0%         10d2      100%        8


Dungeon Overview and Level Annotations

Branches:
Dungeon (15/15)            Temple (1/1) D:6            Lair (6/6) D:10
  Swamp (0/4) Lair:2       Spider (0/4) Lair:2        Slime (0/5) Lair:6
    Orc (0/2) D:12         Vaults (0/5) D:14         Depths (0/4) D:15
 Bailey (visited)

Altars:
Ashenzari
Cheibriados
Dithmenos
Elyvilon
Gozag
Hepliaklqana
Kikubaaqudgha
Makhleb
Okawaru
Trog
Uskayaw
Xom
Yredelemnul
Jiyva

Shops:
D:3 (   D:8 [   D:9 *   D:10 :

Annotations:
D:8 2 transporters, BinkBink's ghost, novice HuCj
Lair:2 exclusion: 2 oklob plants
Lair:6 Rupert


Innate Abilities, Weirdness & Mutations

You are very small and have problems with some larger weapons.
You are too small for most types of armour.
You have supernaturally acute eyesight. (SInv)
You cover ground extremely quickly. (Speed+++)
Your skin changes colour to match your surroundings (Stealth+).
You tend to lose your temper in combat.
Your flesh is cold resistant. (rC+)
You are robust. (+10% HP)


Message History

You hear a distant slurping noise.
You hear a squelching noise.
You hear a slurping noise.
Jiyva appreciates your sacrifice.
The jelly splits in two!
A yak comes into view.
There is a viscous altar of Jiyva here.
You hear a distant slurping noise.
You hear a slurping noise.
Jiyva appreciates your sacrifice.
There is a staircase to the Slime Pits here.
A yak comes into view.
You hear a distant slurping noise.
Jiyva appreciates your sacrifice.
The yak moves out of view.
Rupert yells loudly at you.
You suddenly lose the ability to move!
You hear a distant slurping noise.
You hear a squelching noise.
You hear a distant slurping noise.
Jiyva appreciates your sacrifice.
Rupert roars madly and goes into a rage!
Rupert goes berserk!
You hear a distant slurping noise.
Rupert hits you with a +0 battleaxe of flaming!!
Rupert burns you.
Rupert hits you with a +0 battleaxe of flaming!!!
* * * LOW HITPOINT WARNING * * *
Rupert burns you!
* * * LOW HITPOINT WARNING * * *
Rupert hits the jelly with a +0 battleaxe of flaming.
Rupert burns the jelly.
The acid corrodes Rupert!
Rupert is burned by acid!
You hear a bellow!
You can move again.
Okay, then.
You feel much better. Rupert barely misses you.
Rupert hits the jelly with a +0 battleaxe of flaming!
Rupert burns the jelly!
Rupert is burned by acid!
The jelly barely misses Rupert.
As you read the scroll of teleportation, it crumbles to dust.
You feel strangely unstable.
Rupert hits you with a +0 battleaxe of flaming!!
You die...

#.......#
#..........##.
#...P..##
#.P##.#.######
##..#..###.#####..#
#..##P...## ..#
##....PP.## #....
#...(...### #...#
#.J...#.#.#### ##
...#
#.....#......##.#
##......@.......##
#.......@.........
##......#.J...#.#..
....#.............
##...###..>..##.Y.
#...#..#P._...#...
##...#..........Y#
#......#.....#..##
#...#..##########


You could see Rupert (berserk, corroded) and 2 neutral jellies (fellow slime).

Vanquished Creatures
  Roxanne (D:14)
  An orc warlord (Bailey)
  The ghost of Dutif the Tainter, a journeyman OpVM of Sif Muna (Lair:5)
  Nessos (Lair:5)
  Snorg (D:11)
  A vault guard (D:14)
  8 boulder beetles
  3 hydras
  3 centaur warriors (D:14)
  A rakshasa (D:15)
  A catoblepas (D:15)
  4 death knights (D:14)
  Erica (D:10)
  5 two-headed ogres
  2 tengu warriors
  Sonja (D:11)
  A sixfirhy (Abyss:1)
  9 skeletal warriors
  3 wizards
  4 deep elf pyromancers
  A necromancer (D:15)
  Pikel (D:4)
  2 oklob plants
  An orc knight (Bailey)
  An orb spider (Lair:2)
  8 cyclopes
  5 manticores
  10 ugly things
  A centaur zombie (D:10)
  3 elephants (Lair:6)
  6 black mambas
  An ice statue (D:15)
  A torpor snail (Lair:6)
  A gargoyle (D:14)
  A cane toad (shapeshifter) (D:15)
  9 cane toads
  Maggie (D:6)
  2 naga magi (D:15)
  3 rime drakes
  10 komodo dragons
  A yaktaur (D:15)
  A freezing wraith (D:14)
  Psyche (D:10)
  A redback zombie (D:15)
  A kobold demonologist (D:10)
  3 trolls
  2 polar bears
  A merfolk (Lair:6)
  A tyrant leech (Lair:2)
  6 slime creatures
  14 blink frogs
  A meliai zombie (D:15)
  A raiju (shapeshifter) (D:15)
  4 wraiths
  A vampire (D:11)
  8 wyverns
  A shadow (D:14)
  Eustachio (D:4)
  41 yaks
  A basilisk (D:11)
  5 large abominations (D:14)
  A redback simulacrum (D:14)
  21 vampire mosquitoes
  A warg (D:12)
  10 water moccasins
  A swamp worm (Lair:2)
  A hornet zombie (D:6)
  17 orc warriors
  A black bear (Lair:3)
  2 sky beasts
  2 ogres (D:5)
  7 wolves
  3 centaurs
  4 lemures (D:4)
  8 small abominations
  9 bullfrogs
  6 kobold brigands
  A scorpion (D:4)
  A wyvern zombie (D:7)
  A hornet simulacrum (D:15)
  6 killer bees (D:10)
  6 wights
  6 howler monkeys
  An electric eel (D:15)
  4 crimson imps (D:3)
  A quasit (Abyss:1)
  A gnoll shaman (D:8)
  3 hounds
  Crazy Yiuf (D:4)
  A bullfrog skeleton (D:6)
  5 orc priests
  Jessica (D:2)
  2 iguanas
  14 orc wizards
  A howler monkey zombie (D:10)
  15 gnolls
  A howler monkey skeleton (D:5)
  6 adders
  3 shadow imps
  2 white imps (Abyss:1)
  An ufetubus (D:5)
  4 worms
  3 dart slugs
  64 orcs
  6 endoplasms
  4 giant cockroaches
  33 goblins
  20 hobgoblins
  38 kobolds
  4 quokkas
  7 ball pythons
  8 bats
  6 frilled lizards
  5 kobold skeletons (D:10)
  13 kobold zombies (D:10)
  A quokka skeleton (D:4)
  6 rats
616 creatures vanquished.

Vanquished Creatures (others)
  A jelly (Lair:6)
  An orc wizard (D:7)
  23 fungi
  24 plants
49 creatures vanquished.

Grand Total: 665 creatures vanquished

Notes
Turn   | Place    | Note
-------+----------+-------------------------------------------
     0 | D:1      | Htamos the Spriggan Monk began the quest for the Orb.
     0 | D:1      | Reached XP level 1. HP: 11/11 MP: 2/2
   185 | D:1      | Reached XP level 2. HP: 9/16 MP: 3/3
   347 | D:1      | You fall into a shaft and drop 1 floor!
   670 | D:1      | Reached XP level 3. HP: 19/19 MP: 4/4
  1012 | D:2      | Noticed Jessica
  1242 | D:2      | Found a faded altar of an unknown god.
  1621 | D:2      | Reached skill level 5 in Dodging
  1621 | D:2      | Reached XP level 4. HP: 23/23 MP: 5/5
  1690 | D:2      | Killed Jessica
  1738 | D:3      | Found a snail-covered altar of Cheibriados.
  1891 | D:3      | Found a basalt altar of Yredelemnul.
  2287 | D:3      | Found a shimmering altar of Xom.
  2448 | D:3      | Reached XP level 5. HP: 25/28 MP: 6/6
  2478 | D:3      | Found Doytetef's Antique Weapon Emporium.
  2570 | D:3      | Found a broken altar of Ashenzari.
  2789 | D:3      | Reached skill level 5 in Short Blades
  2789 | D:3      | Reached XP level 6. HP: 32/32 MP: 7/7
  3246 | D:4      | Noticed Pikel
  3446 | D:4      | Killed Pikel
  3447 | D:4      | Reached skill level 5 in Stealth
  3447 | D:4      | Reached skill level 3 in Evocations
  3447 | D:4      | Reached XP level 7. HP: 31/37 MP: 8/8
  3756 | D:4      | Identified the +2 spear of War {holy, Will++}
  3788 | D:4      | Reached skill level 4 in Evocations
  3810 | D:4      | Found a runed translucent door.
  3811 | D:4      | Noticed Crazy Yiuf
  3818 | D:4      | Killed Crazy Yiuf
  3819 | D:4      | Identified the +2 mace "Menlejoa" {elec, Dex+3}
  3859 | D:4      | Noticed Eustachio
  4014 | D:4      | Killed Eustachio
  4015 | D:4      | Reached XP level 8. HP: 42/42 MP: 9/9
  4366 | D:5      | Entered Level 5 of the Dungeon
  4403 | D:5      | Reached skill level 5 in Evocations
  4946 | D:5      | Reached skill level 6 in Evocations
  5731 | D:6      | Found a staircase to the Ecumenical Temple.
  5784 | Temple   | Entered the Ecumenical Temple
  5800 | Temple   | Became a worshipper of Warmaster Okawaru
  5800 | Temple   | Reached * piety under Okawaru
  5800 | Temple   | Reached ** piety under Okawaru
  5884 | D:6      | Noticed Maggie
  5889 | D:6      | Killed Maggie
  5890 | D:6      | Reached XP level 9. HP: 46/46 MP: 10/10
  5908 | D:6      | Reached skill level 7 in Evocations
  6350 | D:7      | Noticed a troll
  6931 | D:7      | Killed a troll
  6931 | D:7      | Reached *** piety under Okawaru
  6932 | D:7      | Reached skill level 8 in Evocations
  7144 | D:7      | Reached skill level 5 in Fighting
  7729 | D:8      | Noticed a two-headed ogre
  7753 | D:8      | Killed a two-headed ogre
  7796 | D:8      | Noticed a red ugly thing
  7797 | D:8      | Noticed a cyclops
  7798 | D:8      | Noticed BinkBink's ghost (novice HuCj)
  7799 | D:8      | Found a transporter.
  7823 | D:8      | Found a transporter.
  8004 | D:8      | Reached skill level 9 in Evocations
  8041 | D:8      | Reached XP level 10. HP: 44/51 MP: 11/11
  8335 | D:8      | Reached **** piety under Okawaru
  8415 | D:8      | Found Sutov's Antique Armour Shoppe.
  9364 | D:9      | Found Niterriq's General Store.
  9370 | D:9      | Bought 2 scrolls of enchant weapon for 210 gold pieces
  9555 | D:9      | Reached skill level 10 in Evocations
  9567 | D:9      | Identified the +3 mace of the Sage {venom, rF+ rCorr
                  | Stlth+}
  9630 | D:9      | Reached skill level 10 in Short Blades
 10005 | D:10     | Entered Level 10 of the Dungeon
 10056 | D:10     | Reached skill level 10 in Stealth
 10090 | D:10     | Noticed Erica
 10184 | D:10     | Noticed Psyche
 10201 | D:10     | Found a staircase to the Lair.
 10201 | D:10     | Noticed an oklob plant
 10203 | D:10     | Killed an oklob plant
 10235 | D:10     | Found Leachemp's Self-Improvement Boutique.
 10499 | D:10     | Found a flagged portal.
 10546 | D:10     | Reached ***** piety under Okawaru
 10547 | D:10     | Reached skill level 10 in Dodging
 10551 | Bailey   | Entered a bailey
 10902 | Bailey   | Reached skill level 11 in Evocations
 10916 | Bailey   | Reached XP level 11. HP: 56/56 MP: 12/12
 11018 | Bailey   | Noticed an orc warlord
 11018 | Bailey   | Noticed an orc knight
 11033 | Bailey   | Killed an orc warlord
 11068 | Bailey   | Killed an orc knight
 11148 | Bailey   | Reached skill level 15 in Evocations
 11148 | Bailey   | Reached XP level 12. HP: 61/61 MP: 13/13
 11309 | D:10     | Found an ancient bone altar of Kikubaaqudgha.
 11582 | D:10     | Acquired a manual of Fighting
 11584 | D:10     | Acquired 678 gold pieces
 12079 | D:10     | Killed Erica
 12080 | D:10     | Reached skill level 16 in Evocations
 12124 | D:10     | Killed Psyche
 12179 | D:11     | Reached ****** piety under Okawaru
 12185 | D:11     | Identified the +0 scale mail "Soidilu" {rPois Str+3}
 12197 | D:11     | Noticed Sonja
 12204 | D:11     | Cast into level 1 of the Abyss (Sonja)
 12295 | Abyss:1  | Identified the +2 robe "Pyiqaat" {Dex+4 Stlth+}
 12373 | Abyss:1  | Noticed a tentacled starspawn
 12491 | Abyss:1  | Noticed a balrug
 12646 | Abyss:1  | Received a gift from Okawaru
 12765 | Abyss:1  | Noticed a rakshasa
 12800 | Abyss:1  | Noticed a starcursed mass
 12933 | Abyss:1  | Noticed a black draconian
 12977 | Abyss:1  | Noticed a dread lich
 12998 | Abyss:1  | Noticed an Executioner
 13069 | Abyss:2  | Noticed a red very ugly thing
 13081 | Abyss:2  | Noticed a starcursed mass
 13107 | Abyss:2  | Noticed an eidolon
 13180 | Abyss:2  | Noticed a starcursed mass
 13208 | Abyss:4  | Found a transporter.
 13217 | Abyss:4  | Found a corrupted altar of Lugonu.
 13247 | Abyss:4  | Noticed a green very ugly thing
 13247 | Abyss:4  | Noticed a purple very ugly thing
 13249 | Abyss:4  | Noticed a starcursed mass
 13252 | D:11     | Escaped the Abyss
 13260 | D:11     | Killed Sonja
 13326 | D:11     | Noticed Snorg
 13388 | D:11     | Killed Snorg
 13586 | D:11     | Noticed a boulder beetle
 13610 | D:11     | Killed a boulder beetle
 13726 | D:11     | Noticed a boulder beetle
 13730 | D:11     | Killed a boulder beetle
 13906 | D:11     | Noticed a boulder beetle
 13932 | D:11     | Killed a boulder beetle
 14209 | D:11     | Reached XP level 13. HP: 64/67 MP: 14/14
 14370 | D:11     | Reached skill level 17 in Evocations
 14601 | D:12     | Found a staircase to the Orcish Mines.
 14868 | D:12     | Received a gift from Okawaru
 15620 | D:13     | Identified the +2 robe of the Furrier {rPois Str+3 Dex+2}
                  | (Okawaru gifted it to you on level 13 of the Dungeon)
 15620 | D:13     | Received a gift from Okawaru
 15709 | D:13     | You fall into a shaft and drop 2 floors!
 15709 | D:15     | Entered Level 15 of the Dungeon
 16738 | D:14     | Reached skill level 18 in Evocations
 16797 | D:14     | Found a gate to the Vaults.
 17030 | D:14     | Identified Roxanne's Handbook of Transformation
 17030 | D:14     | Noticed Roxanne
 17092 | D:14     | Gained mutation: Your skin changes colour to match your
                  | surroundings (Stealth+). [potion of mutation]
 17092 | D:14     | Gained mutation: You tend to lose your temper in combat.
                  | [potion of mutation]
 17092 | D:14     | Gained mutation: Your flesh is cold resistant. (rC+)
                  | [potion of mutation]
 17092 | D:14     | Gained mutation: You are robust. (+10% HP) [potion of
                  | mutation]
 17101 | D:14     | Found a shadowy altar of Dithmenos.
 17272 | D:14     | Killed Roxanne
 17693 | D:14     | Received a gift from Okawaru
 17694 | D:14     | Reached XP level 14. HP: 65/82 MP: 15/15
 18609 | D:14     | Identified the +6 rapier of Buasm {distort, rC+}
 18787 | D:14     | Received a gift from Okawaru
 19351 | D:15     | Reached skill level 19 in Evocations
 19380 | D:15     | Found a staircase to the Depths.
 20006 | D:15     | Reached skill level 10 in Fighting
 20960 | Lair:1   | Entered Level 1 of the Lair of Beasts
 21064 | Lair:1   | Reached skill level 15 in Short Blades
 21064 | Lair:1   | Reached skill level 15 in Stealth
 21401 | Lair:1   | Identified the +3 rapier of Cinor {vorpal, rElec rF- Str+5
                  | Int+3}
 21448 | Lair:1   | Received a gift from Okawaru
 21448 | Lair:1   | Found the +8 arc blade {discharge, rElec}
 21625 | Lair:1   | Identified the +5 rapier "Giril" {flame, rElec}
 22100 | Lair:2   | Found a hole to the Spider Nest.
 22308 | Lair:2   | Found a staircase to the Swamp.
 22537 | Lair:2   | Identified the +11 long sword "Death Rattle" {drain, rF+
                  | Str+3 Dex-2 SInv}
 22756 | Lair:3   | Reached XP level 15. HP: 66/89 MP: 16/16
 23737 | Lair:4   | Acquired a scarf of repulsion
 23942 | Lair:4   | Reached skill level 20 in Evocations
 24459 | Lair:5   | Noticed Nessos
 24462 | Lair:5   | Killed Nessos
 25120 | Lair:5   | Found a runed translucent door.
 25120 | Lair:5   | Noticed Dutif's ghost (journeyman OpVM)
 25193 | Lair:5   | Killed Dutif's ghost
 25327 | Lair:6   | Entered Level 6 of the Lair of Beasts
 25376 | Lair:6   | Received a gift from Okawaru
 25961 | Lair:6   | Found a staircase to the Slime Pits.
 25962 | Lair:6   | Found a viscous altar of Jiyva.
 25979 | Lair:6   | Fell from the grace of Okawaru
 25979 | Lair:6   | Became a worshipper of Jiyva Jifarphi the Shapeless
 25987 | Lair:6   | Noticed Rupert
 26007 | Lair:6   | Paralysed by Rupert for 7 turns
 26013 | Lair:6   | HP: 4/90 [Rupert (16)]
 26015 | Lair:6   | Slain by Rupert

Illustrated notes

Levels and vault maps discovered:
D:1:      amcnicky_arrival_abandoned_market, layout_basic, serial_curves,
          eino_curves_02, eino_curves_04, minmay_tiny_reverse_x
D:2:      layout_rooms, chequers_ecumenical_altar_twisty,
          hangedman_decor_lopped, minmay_increasing_density, uniq_jessica
D:3:      layout_basic, mainiacjoe_overflow_concentric_impassable,
          mainiacjoe_overflow_large_starburst, led_xom_imps, serial_shops,
          shop_statue, minmay_strange_pillars, dk_noncrumbling_2,
          minmay_crystal_water, roderic_three_in_a_row,
          minmay_tree_intersection, chequers_serial_rivers_micro_a,
          serial_bayou_crossing
D:4:      layout_basic, kennysheep_generic_room_12, uniq_crazy_yiuf_cottage,
          uniq_pikel, uniq_eustachio
D:5:      layout_basic, kennysheep_generic_room_7
D:6:      layout_basic, minmay_temple_entry_waves, uniq_maggie
D:7:      layout_basic
D:8:      layout_basic, gammafunk_ghost_arena, serial_shops, kennysheep_mini
D:9:      layout_grid_maze, serial_shops, shop
D:10:     wander_kiku_kobolds, layout_irregular_city, dpeg_oklobed_lair,
          enter_bailey_2, nicolae_shop_self_help, uniq_psyche, uniq_erica
D:11:     layout_loops_cross, uniq_sonja, uniq_snorg
D:12:     layout_cave_pools, erik_orc_3
D:13:     layout_loops_ring
D:14:     cheibrodos_tormentor_scu, layout_loops_corners, david_vaults_5,
          grunt_dithmenos_shadows, laboratory, uniq_roxanne
D:15:     grunt_enter_depths_magical_seal, layout_gridville, serial_bayou,
          serial_bayou_ford_a, serial_bayou_pond_d, serial_bayou_shore_b,
          serial_bayou_shore_b, serial_bayou_pond_e, minivault_15
Temple:   compressed_dpeg_circular_temple
Lair:1:   layout_small_grid, grunt_megastairs_3, infiniplex_staircase_pool
Lair:2:   dpeg_oklob_gauntlet, layout_loops_ring, minmay_swamp_entry_worms,
          nicolae_spider_entry_orb_guardian, lemuel_fruit_tree
Lair:3:   layout_regular_city
Lair:4:   layout_cave_pods
Lair:5:   layout_concentric_octagons, hellmonk_ghost_happy_afterlife,
          st_stairs_10, uniq_nessos
Lair:6:   grunt_lair_end_beastmaster, layout_loops_ring, slime_altar_1,
          columned_hall_lemuel, uniq_rupert

Skill      XL: |  1  2  3  4  5  6  7  8  9 10 11 12 13 14 15 |
---------------+----------------------------------------------+-----
Short Blades   | 4 5 6 7 9 10 11 12 13 15 | 15.9
Dodging        | 5 6 7 8 9 10 11 12 13 14 | 14.2
Stealth        | 4 5 6 7 9 10 11 12 13 15 | 15.9
Fighting       | 3 4 5 6 7 9 10 11 | 11.1
Evocations     | 3 4 6 9 11 15 16 18 19 20 | 20.4

Action                   |  1- 3 |  4- 6 |  7- 9 | 10-12 | 13-15 || total
-------------------------+-------+-------+-------+-------+-------++-------
Melee: Short sword       |   127 |   110 |   137 |     2 |       ||   376
       Dagger            |       |   299 |   681 |  1077 |  2309 ||  4366
       Rapier            |       |       |    14 |       |    78 ||    92
       Spear             |       |       |       |    10 |    29 ||    39
       Punch             |       |       |       |       |     4 ||     4
       Long sword        |       |       |       |       |    83 ||    83
Throw: Dart              |       |       |       |     6 |    10 ||    16
Invok: Heroism           |       |       |       |       |     2 ||     2
Evoke: Wand              |       |     5 |    17 |    31 |    77 ||   130
       Piece from Xom's  |       |       |       |       |    14 ||    14
  Use: Scroll            |       |     5 |     4 |    11 |    25 ||    45
       Potion            |       |     1 |       |     5 |    12 ||    18
 Stab: Sleeping          |    18 |     6 |     9 |    18 |    64 ||   115
       Distracted        |     2 |       |     2 |     1 |     8 ||    13
       Petrifying        |       |       |     1 |       |       ||     1
       Paralysed         |       |       |       |     3 |    11 ||    14
Armor: Robe              |     7 |    15 |    47 |    80 |    16 ||   165
       Troll leather arm |       |       |       |       |   138 ||   138
Dodge: Dodged            |    85 |   250 |   468 |   754 |  1680 ||  3237
       Repelled          |       |       |       |       |     3 ||     3

Table legend: (Time is in decaauts)
 A = Elapsed time spent in this place.
 B = Non-inter-level travel time spent in this place.
 C = Inter-level travel time spent in this place.
 D = Time resting spent in this place.
 E = Time spent auto-exploring this place.
 F = Levels seen in this place.
 G = Mean time per level.
                   A        B        C        D        E       F      G
               +--------+--------+--------+--------+--------+-----+--------+
         Total |  16667 |  15861 |    806 |      0 |   8330 |  27 |  617.3 |
       Dungeon |  12473 |  11763 |    710 |      0 |   6087 |  15 |  831.5 |
        Temple |     20 |     10 |     10 |      0 |      0 |   1 |   20.0 |
          Lair |   3133 |   3047 |     86 |      0 |   2153 |   6 |  522.2 |
         Abyss |    639 |    639 |      0 |      0 |     60 |   4 |  159.8 |
        Bailey |    400 |    400 |      0 |      0 |     30 |   1 |  400.0 |
               +--------+--------+--------+--------+--------+-----+--------+

Top non-repeatable levels by time:
    D:14: 1804 daAuts
     D:3: 1032 daAuts
    D:15: 1006 daAuts
    D:10: 925 daAuts
     D:9: 892 daAuts
     D:7: 800 daAuts
     D:4: 793 daAuts
     D:5: 763 daAuts
    D:12: 720 daAuts
    D:11: 701 daAuts
     D:1: 673 daAuts
    D:13: 659 daAuts
  Lair:4: 642 daAuts
     D:2: 610 daAuts
  Lair:1: 566 daAuts
